 Dungeon Crawl Stone Soup version 0.29-a0-82-g837932c90e (webtiles) character file.

Game seed: 17123423399870824236

102906 meatgazer the Bludgeoner (level 15, -14/146 HPs)
             Began as a Minotaur Berserker on Feb 3, 2022.
             Was a High Priest of Trog.
             Killed by divine providence
             ... invoked by a meliai
              (16 damage)
             ... on level 1 of the Spider Nest on Feb 4, 2022.
             The game lasted 01:05:10 (35462 turns).

meatgazer the Bludgeoner (Minotaur Berserker)      Turns: 35462, Time: 01:05:11

Health: -14/146    AC: 30    Str: 29    XL:     15   Next: 87%
Magic:  14/14      EV: 17    Int: 17    God:    Trog [*****.]
Gold:   1459       SH:  0    Dex: 21    Spells: 14/14 levels left

rFire   + + +      SeeInvis +   s - +9 mace of a treasure trove {holy, *Rage rF++}
rCold   + + .      Faith    .   (no shield)
rNeg    + . .      Spirit   .   i - +4 plate armour {rF+}
rPois   .          Reflect  .   (helmet restricted)
rElec   +          Harm     +   w - +0 cloak of Trumpets {Harm rCorr Int+2}
rCorr   +          Rampage  .   C - +2 pair of gloves {Dex+3}
Will    ++++.      Clarity  +   a - +2 pair of boots of the Eagle {rC++ Int+8 Slay-3 SInv}
Stlth   ..........              t - amulet of the Four Winds {rN+ Will+++ Clar}
HPRegen 0.34/turn               g - ring of Gotia {EV+4 Int+3 Stlth+}
MPRegen 0.14/turn               z - +6 ring of strength

@: mighty, on berserk cooldown, slowed, very slow
A: horns 2, retaliatory headbutt, thin skeletal structure 1, electricity
resistance, MP-powered wands
a: Renounce Religion, Berserk, Trog's Hand, Brothers in Arms


You were on level 1 of the Spider Nest.
You worshipped Trog.
Trog was extremely pleased with you.
You visited 4 branches of the dungeon, and saw 24 of its levels.
You also visited: Ossuary, Gauntlet and Volcano.

You collected 2306 gold pieces.
You spent 847 gold pieces at shops.

Inventory:

Hand Weapons
 s - the +9 mace of a treasure trove (weapon) {holy, *Rage rF++}
   (You found it on level 7 of the Dungeon)

   It has been blessed by the Shining One to cause great damage to the undead
   and demons.
   rF:        It greatly protects you from fire.
   *Rage:     It berserks you when you make melee attacks (+20% chance).
Armour
 a - the +2 pair of boots of the Eagle (worn) {rC++ Int+8 Slay-3 SInv}
   (You acquired it on level 9 of the Dungeon)

   Int:       It affects your intelligence (+8).
   Slay:      It affects your accuracy & damage with ranged weapons and melee
   (-3).
   rC:        It greatly protects you from cold.
   SInv:      It lets you see invisible.
 i - a +4 plate armour of fire resistance (worn)
 w - the +0 cloak of Trumpets (worn) {Harm rCorr Int+2}
   (You found it on level 6 of the Dungeon)

   Int:       It affects your intelligence (+2).
   rCorr:     It protects you from acid and corrosion.
   Harm:      It increases damage dealt and taken.
 C - a +2 pair of gloves of dexterity (worn)
Jewellery
 g - the ring of Gotia (left hand) {EV+4 Int+3 Stlth+}
   (You found it on level 2 of the Dungeon)

   [ring of evasion]

   EV:        It affects your evasion (+4).
   Int:       It affects your intelligence (+3).
   Stlth:     It makes you more stealthy.
 t - the amulet of the Four Winds (around neck) {rN+ Will+++ Clar}
   (You found it in a Gauntlet)

   [amulet of nothing]

   rN:        It protects you from negative energy.
   Clar:      It protects you against confusion.
   Will:      It greatly increases your willpower.
 z - a +6 ring of strength (right hand)
Wands
 d - a wand of polymorph (8)
 e - a wand of mindburst (6)
 f - a wand of paralysis (11)
 h - a wand of flame (23)
 x - a wand of iceblast (17)
 B - a wand of digging (4)
Scrolls
 b - 10 scrolls of identify
 c - 3 scrolls of fog
 m - 2 scrolls of blinking
 o - a scroll of teleportation
 y - a scroll of magic mapping
 F - 4 scrolls of fear
Potions
 j - a potion of ambrosia
 k - 7 potions of curing
 l - a potion of might
 n - 5 potions of mutation
 p - a potion of attraction
 q - 7 potions of haste
 u - 7 potions of flight
 A - 2 potions of magic
 D - a potion of berserk rage
 E - a potion of resistance
 G - 3 potions of invisibility
Miscellaneous
 r - a lightning rod (4/4)
 v - a tin of tremorstones (1/2)


   Skills:
 + Level 16.8 Fighting
 - Level 9.8(15.3) Axes
 + Level 18.6(19.4) Maces & Flails
 + Level 15.7 Armour
 - Level 7.0 Dodging
 + Level 11.0 Evocations


You had 14 spell levels left.
You didn't know any spells.
Your spell library was empty.

Dungeon Overview and Level Annotations

Branches:
Dungeon (15/15)            Temple (0/1) D:6            Lair (6/6) D:9
 Shoals (0/4) Lair:3       Spider (1/4) Lair:2        Slime (0/5) Lair:6
    Orc (2/2) D:12            Elf (0/3) Orc:2        Vaults (0/5) D:13
 Depths (0/4) D:15        Ossuary (visited)         Volcano (visited)
Gauntlet (visited)

Altars:
Cheibriados
Fedhas
Gozag
Hepliaklqana
Okawaru
Ru
Sif Muna
Trog
Uskayaw
Wu Jian
Zin
Beogh
Jiyva
Lugonu

Shops:
D:7 *   D:8 (   D:12 [[:   Orc:2 (!*(*

Portals:
Abyss: Lair:6

Annotations:
D:9 3 runed translucent doors, gimp's ghost, journeyman TeWn
D:10 3 runed translucent doors, HallandMoats's ghost, novice OpFi
Lair:6 1 runed translucent door


Innate Abilities, Weirdness & Mutations

You have a pair of horns on your head.
You reflexively headbutt those who attack you in melee.
You have a somewhat thin skeletal structure. (Dex +2, Stealth+)
You are resistant to electric shocks. (rElec)
You expend magic power (3 MP) to strengthen your wands.


Message History

The human is no longer moving slowly.
The jumping spider misses you.
The jumping spider completely misses you.
A meliai comes into view. It is wielding a +0 war axe.
You sock the jumping spider!
You kill the jumping spider!
Trog accepts your kill.
A jumping spider comes into view.
The meliai calls down the wrath of its god upon you.
Something smites you!
You see here a jumping spider corpse.
Okay, then.
The meliai invokes the aid of its god against you.
Something smites you!
A meliai comes into view. It is wielding a +0 hand axe.
The meliai mumbles some strange prayers to its god against you.
Something smites you!
Blink to where?
Press: ? - help, Dir - move target
As you read the scroll of blinking, it crumbles to dust.
The meliai calls down the wrath of its god upon you.
Something smites you!
The meliai invokes the aid of its god against you.
Something smites you!
The meliai invokes the aid of its god against you.
Something smites you!
* * * LOW HITPOINT WARNING * * *
The meliai invokes the aid of its god against you.
Something smites you!
* * * LOW HITPOINT WARNING * * *
The meliai mumbles some strange prayers to its god against you.
Something smites you!
* * * LOW HITPOINT WARNING * * *
There is a crawl-hole back to the Lair, spattered with blood here.
The meliai calls down the wrath of its god upon you.
Something smites you!
* * * LOW HITPOINT WARNING * * *
The meliai calls down the wrath of its god upon you.
Something smites you!
You die...

.### ...# ....#
####...# ####..#...#
##..#..#...#
#..@...^...#
##....#..#.#
#.y####..##
##.^#.#....##
##sy...#.....#
###............#
##.#w..........##
###..#..###..##...#
##.#......######...#


You could see a steelbarb worm, a jumping spider and 2 meliai.

Vanquished Creatures
  Kirke (Spider:1)
  2 ghouls (D:13)
  A stone giant (D:15)
  A minotaur (Gauntlet)
  An entropy weaver (Spider:1)
  A green death (Gauntlet)
  An ettin (Orc:1)
  8 centaur warriors
  3 boulder beetles
  4 hydras
  A radroach (Spider:1)
  A death knight (D:15)
  4 catoblepae
  9 death yaks
  3 two-headed ogres
  A tengu warrior (Gauntlet)
  3 orc high priests (Orc:2)
  3 thrashing horrors (Lair:6)
  2 fire crabs (Lair:6)
  3 skeletal warriors (D:13)
  A glowing orange brain (shapeshifter) (Lair:6)
  2 orb spiders
  A steelbarb worm (Spider:1)
  2 wizards
  A harpy (shapeshifter) (D:15)
  A necromancer (D:13)
  6 orc knights
  A wolf spider (Spider:1)
  2 deep elf pyromancers (D:13)
  12 ugly things
  2 wolf spider zombies (D:15)
  4 orc sorcerers (Orc:2)
  2 cyclopes
  A moth of wrath (Gauntlet)
  A salamander (shapeshifter) (D:13)
  3 manticores
  6 elephants (Lair:2)
  2 smoke demons (Lair:6)
  15 cane toads
  2 torpor snails
  3 black mambas
  2 gargoyles
  A cane toad (shapeshifter) (Lair:6)
  A torpor snail (shapeshifter) (D:13)
  An orange demon (Gauntlet)
  7 kobold demonologists
  A tengu conjurer (Gauntlet)
  2 rime drakes
  4 komodo dragons
  Psyche (D:10)
  An ancient zyme (Lair:6)
  3 demonic crawlers (Spider:1)
  3 meliai (Spider:1)
  10 trolls
  2 guardian mummies (D:13)
  A merfolk (shapeshifter) (D:14)
  6 polar bears
  A wind drake (Lair:3)
  Prince Ribbit (D:5)
  8 tarantellas (Spider:1)
  A hornet (D:9)
  3 slime creatures (D:13)
  16 blink frogs (Lair:6)
  4 large abominations (Lair:6)
  4 dream sheep (Lair:5)
  6 jumping spiders (Spider:1)
  Sigmund (D:2)
  2 vampires
  5 culicivoras (Spider:1)
  A shadow (D:12)
  3 wyverns
  3 wraiths
  A spriggan (Lair:6)
  53 yaks
  5 basilisks
  A fire elemental (Volcano)
  8 redbacks
  A chaos spawn (Lair:6)
  A steam dragon (D:7)
  5 wargs
  5 acid dragons
  15 water moccasins
  9 small abominations (Lair:6)
  3 ice beasts
  17 orc warriors
  A hornet zombie (D:13)
  A black bear (D:6)
  5 ogres
  A boggart (shapeshifter) (D:14)
  7 wolves
  13 centaurs
  2 phantoms
  3 kobold brigands
  10 bullfrogs
  Blork the orc (D:5)
  2 gnoll sergeants
  An earth elemental (Volcano)
  4 scorpions
  14 killer bees
  A howler monkey (D:13)
  2 electric eels (Lair:4)
  15 centaur zombies
  2 bullfrog zombies (D:5)
  12 orc priests
  A gnoll shaman (D:7)
  2 jellies
  Jessica (D:2)
  2 iguanas
  A scorpion zombie (D:5)
  17 orc wizards
  4 mummies
  Robin (D:3)
  17 gnolls
  3 howler monkey zombies
  8 adders
  A river rat (D:9)
  2 white imps
  An adder skeleton (D:4)
  A worm (D:2)
  5 dart slugs
  58 orcs
  4 ball pythons
  8 bats
  9 endoplasms
  4 giant cockroaches
  10 hobgoblins
  9 quokkas
  7 frilled lizards
  10 gnoll skeletons (Ossuary)
  13 goblins
  2 goblin zombies (D:8)
  14 kobolds
  5 kobold skeletons (Ossuary)
  10 orc skeletons (Ossuary)
  7 rats
686 creatures vanquished.

Vanquished Creatures (others)
  5 humans (Spider:1)
  2 orc priests (Orc:2)
  2 orc wizards (Orc:2)
  2 demonic plants (Gauntlet)
  31 fungi
  21 plants
63 creatures vanquished.

Grand Total: 749 creatures vanquished

Notes
Turn   | Place    | Note
-------+----------+-------------------------------------------
     0 | D:1      | meatgazer the Minotaur Berserker began the quest for the
                  | Orb.
     0 | D:1      | Reached XP level 1. HP: 19/19 MP: 0/0
   413 | D:1      | Reached XP level 2. HP: 21/27 MP: 1/1
  1050 | D:1      | Reached XP level 3. HP: 31/34 MP: 2/2
  1339 | D:2      | Noticed Sigmund
  1349 | D:2      | Killed Sigmund
  1350 | D:2      | Reached skill level 5 in Fighting
  1350 | D:2      | Reached skill level 5 in Axes
  1350 | D:2      | Reached XP level 4. HP: 44/44 MP: 3/3
  1350 | D:2      | Reached XP level 5. HP: 50/50 MP: 4/4
  1468 | D:2      | Found a faded altar of an unknown god.
  1506 | D:2      | Reached ** piety under Trog
  1551 | D:2      | Identified the ring of Gotia {EV+4 Int+3 Stlth+}
  1684 | D:2      | Noticed Jessica
  1695 | D:2      | Killed Jessica
  1760 | D:2      | Reached XP level 6. HP: 57/57 MP: 5/5
  2335 | D:3      | Noticed Robin
  2348 | D:3      | Killed Robin
  2352 | D:3      | Reached *** piety under Trog
  2731 | D:3      | Found a hazy altar of Hepliaklqana.
  3215 | D:4      | Reached XP level 7. HP: 51/64 MP: 6/6
  4842 | D:5      | Entered Level 5 of the Dungeon
  4997 | D:5      | Reached skill level 5 in Dodging
  4997 | D:5      | Reached XP level 8. HP: 53/74 MP: 7/7
  5330 | D:5      | Found a glowing silver altar of Zin.
  5528 | D:5      | Found a bloodstained altar of Trog.
  5533 | D:5      | Reached **** piety under Trog
  5604 | D:5      | Noticed Prince Ribbit
  5614 | D:5      | Killed Prince Ribbit
  5734 | D:5      | Noticed Blork the orc
  5743 | D:5      | Killed Blork the orc
  6226 | D:5      | Identified a scroll of acquirement
  6226 | D:5      | Acquired 331 gold pieces
  6398 | D:5      | Found a shimmering blue altar of Sif Muna.
  6518 | D:6      | Reached XP level 9. HP: 72/84 MP: 8/8
  6865 | D:6      | Found a staircase to the Ecumenical Temple.
  7083 | D:6      | Identified the +0 cloak of Trumpets {Harm rCorr Int+2}
  7744 | D:7      | Reached skill level 1 in Evocations
  7920 | D:7      | Found a hide-covered altar of Uskayaw.
  7948 | D:7      | Identified the +9 mace of a treasure trove {holy, *Rage
                  | rF++}
  8127 | D:7      | Reached skill level 1 in Maces & Flails
  8236 | D:7      | Reached skill level 10 in Fighting
  8236 | D:7      | Reached skill level 2 in Maces & Flails
  8282 | D:7      | Found Jiystruo's Assorted Antiques.
  8309 | D:7      | Bought a glowing ring mail for 231 gold pieces
  8381 | D:7      | Found a blossoming altar of Fedhas.
  8547 | D:7      | Reached skill level 3 in Maces & Flails
  8767 | D:8      | Found a sand-covered staircase.
  8772 | Ossuary  | Entered an ossuary
  8862 | Ossuary  | Reached ***** piety under Trog
  9463 | D:8      | Found Fuifal's Weapon Emporium.
  9533 | D:8      | Reached skill level 4 in Maces & Flails
  9601 | D:8      | Noticed a troll
  9608 | D:8      | Killed a troll
  9609 | D:8      | Reached skill level 5 in Maces & Flails
  9871 | D:8      | Found an iron altar of Okawaru.
 10085 | D:9      | Found a runed translucent gate.
 10086 | D:9      | Found a runed translucent gate.
 10087 | D:9      | Found a runed translucent gate.
 10089 | D:9      | Found an opulent altar of Gozag.
 10091 | D:9      | Noticed gimp's ghost (journeyman TeWn)
 10092 | D:9      | Noticed a tengu conjurer
 10118 | D:9      | Reached skill level 6 in Maces & Flails
 10118 | D:9      | Reached XP level 10. HP: 94/94 MP: 9/9
 10142 | D:9      | Reached skill level 7 in Maces & Flails
 10425 | D:9      | Noticed a death yak
 10449 | D:9      | Acquired the +2 pair of boots of the Eagle {rC++ Int+8
                  | Slay-3 SInv}
 10777 | D:9      | Noticed a death yak
 10778 | D:9      | Noticed a death yak
 10779 | D:9      | Found a staircase to the Lair.
 10789 | D:9      | Killed a death yak
 10790 | D:9      | Reached skill level 8 in Maces & Flails
 10794 | D:9      | Killed a death yak
 10798 | D:9      | Killed a death yak
 10799 | D:9      | Reached skill level 9 in Maces & Flails
 10799 | D:9      | Reached skill level 5 in Evocations
 11591 | D:9      | Noticed a lindwurm
 11595 | D:9      | Noticed a two-headed ogre
 11595 | D:9      | a lindwurm changed into a two-headed ogre
 11708 | D:9      | Gained mutation: You are resistant to electric shocks.
                  | (rElec) [potion of mutation]
 11708 | D:9      | Gained mutation: You have a somewhat thin skeletal
                  | structure. (Dex +2, Stealth+) [potion of mutation]
 11708 | D:9      | Gained mutation: You expend magic power (3 MP) to
                  | strengthen your wands. [potion of mutation]
 11712 | Lair:1   | Entered Level 1 of the Lair of Beasts
 11761 | Lair:1   | Noticed a cane toad
 11773 | Lair:1   | Killed a cane toad
 11934 | Lair:1   | Noticed a cane toad
 11942 | Lair:1   | Killed a cane toad
 11952 | Lair:1   | Reached XP level 11. HP: 104/104 MP: 10/10
 11960 | Lair:1   | Reached skill level 10 in Maces & Flails
 12530 | Lair:2   | Found a dark tunnel.
 12538 | Volcano  | Entered a volcano
 12559 | Volcano  | Received a gift from Trog
 14472 | Lair:2   | Reached skill level 11 in Maces & Flails
 14797 | Lair:2   | Reached skill level 5 in Armour
 14808 | Lair:2   | Reached skill level 12 in Maces & Flails
 15477 | Lair:2   | Found a hole to the Spider Nest.
 15477 | Lair:2   | Noticed an orb spider
 15489 | Lair:2   | Killed an orb spider
 16244 | Lair:3   | Reached XP level 12. HP: 113/113 MP: 11/11
 16422 | Lair:3   | Found a staircase to the Shoals.
 16966 | Lair:3   | Noticed a six-headed hydra
 16971 | Lair:3   | Killed a six-headed hydra
 17166 | Lair:3   | Noticed a catoblepas
 17172 | Lair:3   | Killed a catoblepas
 17173 | Lair:3   | Reached skill level 13 in Maces & Flails
 17610 | Lair:4   | Noticed a catoblepas
 17620 | Lair:4   | Killed a catoblepas
 18002 | Lair:4   | Noticed a six-headed hydra
 18010 | Lair:4   | Killed a six-headed hydra
 18635 | Lair:5   | Noticed a catoblepas
 18652 | Lair:5   | Killed a catoblepas
 19587 | Lair:6   | Entered Level 6 of the Lair of Beasts
 19593 | Lair:6   | Found a hide-covered altar of Uskayaw.
 19593 | Lair:6   | Found an ornate altar of the Wu Jian Council.
 19593 | Lair:6   | Noticed a boulder beetle
 19607 | Lair:6   | Killed a boulder beetle
 19608 | Lair:6   | Reached skill level 14 in Maces & Flails
 19936 | Lair:6   | Reached XP level 13. HP: 123/123 MP: 12/12
 20005 | Lair:6   | Found a runed translucent door.
 20005 | Lair:6   | Found a viscous altar of Jiyva.
 20005 | Lair:6   | Found a staircase to the Slime Pits.
 20005 | Lair:6   | Noticed an acid blob
 20005 | Lair:6   | Noticed an acid blob
 20113 | Lair:6   | Reached skill level 10 in Armour
 20901 | Lair:6   | Reached skill level 15 in Maces & Flails
 21683 | Lair:6   | Received a gift from Trog
 22540 | Lair:6   | Found a corrupted altar of Lugonu.
 22540 | Lair:6   | Found a one-way gate to the infinite horrors of the Abyss.
 23014 | D:10     | Entered Level 10 of the Dungeon
 23097 | D:10     | Reached XP level 14. HP: 133/133 MP: 13/13
 23289 | D:10     | Noticed Psyche
 23293 | D:10     | Killed Psyche
 23320 | D:10     | Found a snail-covered altar of Cheibriados.
 23331 | D:10     | Found an opulent altar of Gozag.
 23845 | D:10     | Found a runed translucent gate.
 23845 | D:10     | Found a runed translucent gate.
 23846 | D:10     | Found a runed translucent gate.
 23846 | D:10     | Noticed HallandMoats's ghost (novice OpFi)
 23905 | D:10     | Found a sacrificial altar of Ru.
 23962 | D:10     | Found a viscous altar of Jiyva.
 24037 | D:11     | Reached skill level 16 in Maces & Flails
 24052 | D:11     | Found a gate leading to a gauntlet.
 24056 | Gauntlet | Entered a Gauntlet
 24056 | Gauntlet | Found a transporter.
 24066 | Gauntlet | Found a transporter.
 24077 | Gauntlet | Found a transporter.
 24080 | Gauntlet | Found a transporter.
 24090 | Gauntlet | Found a transporter.
 24106 | Gauntlet | Found a transporter.
 24116 | Gauntlet | Found a transporter.
 24126 | Gauntlet | Found a transporter.
 24129 | Gauntlet | Found a transporter.
 24230 | Gauntlet | Found a transporter.
 24231 | Gauntlet | Found a transporter.
 24275 | Gauntlet | Identified the -3 pair of boots "Boupsoma" {rElec rN+ SInv
                  | Stlth+}
 24676 | Gauntlet | Identified the ring of the Iron Devil {rC+ Will+ Stlth+}
 24732 | Gauntlet | Found the amulet of the Four Winds {rN+ Will+++ Clar}
 24740 | Gauntlet | Identified the +0 morningstar of Destiny {venom, rCorr}
 24906 | D:11     | Reached skill level 15 in Fighting
 25917 | D:12     | Received a gift from Trog
 25935 | D:12     | Found a staircase to the Orcish Mines.
 26114 | D:12     | Found Ymypnum's Book Shoppe.
 26217 | D:12     | Found Fosaal's Armour Shop.
 26317 | D:12     | Found Igonam's Armour Shoppe.
 26321 | D:12     | Bought a +2 pair of gloves of dexterity for 322 gold pieces
 27183 | D:13     | Found a gate to the Vaults.
 27189 | D:13     | Reached skill level 17 in Maces & Flails
 27602 | D:13     | Noticed a ghoul
 27611 | D:13     | Killed a ghoul
 27803 | D:13     | Noticed a ghoul
 27812 | D:13     | Killed a ghoul
 28516 | D:14     | Reached XP level 15. HP: 135/143 MP: 14/14
 28559 | D:14     | Reached skill level 10 in Evocations
 28816 | D:14     | Upgraded the game from 0.29-a0-72-g1732ff48e7 to
                  | 0.29-a0-82-g837932c90e
 29024 | Orc:1    | Entered Level 1 of the Orcish Mines
 29045 | Orc:1    | Received a gift from Trog
 29235 | Orc:2    | Entered Level 2 of the Orcish Mines
 29251 | Orc:2    | Found a staircase to the Elven Halls.
 29291 | Orc:2    | Found Xacsasap's Assorted Antiques.
 30230 | Orc:2    | Found Falotiub's Antique Weapon Emporium.
 30230 | Orc:2    | Found Jaips's Weapon Shop.
 30240 | Orc:2    | Received a gift from Trog
 30241 | Orc:2    | Reached skill level 15 in Armour
 30242 | Orc:2    | Found Sysa's Distillery.
 30242 | Orc:2    | Found Callijul's General Store.
 30564 | Orc:2    | Bought 2 potions of mutation for 224 gold pieces
 30564 | Orc:2    | Bought a potion of heal wounds for 70 gold pieces
 30884 | Orc:1    | Reached skill level 18 in Maces & Flails
 32943 | D:15     | Entered Level 15 of the Dungeon
 33756 | D:15     | Found a staircase to the Depths.
 33956 | Spider:1 | Entered Level 1 of the Spider Nest
 35423 | Spider:1 | Noticed Kirke
 35433 | Spider:1 | Killed Kirke
 35462 | Spider:1 | HP: 2/146 [meliai/divine providence (13)]
 35462 | Spider:1 | Killed from afar by a meliai

Illustrated notes

Levels and vault maps discovered:
D:1:      dpeg_arrival_stonehenge_12_columns, layout_basic, chequers_jeans,
          minmay_tetromino_o4
D:2:      layout_loops_ring, shapermc_ecumenical_altar_mp_urbaneastern,
          amcnicky_mini_corridor_feature, uniq_jessica, uniq_sigmund
D:3:      layout_loops_cross, mainiacjoe_overflow_six_doors_small,
          kennysheep_orc_chapel, uniq_robin
D:4:      layout_cave_pods
D:5:      layout_cave_pods, trog_butcher_becter, lemuel_blue_sif_altar,
          lemuel_tele_altar, uniq_prince_ribbit1, uniq_blork_the_orc
D:6:      layout_basic, minmay_temple_entry_hall, kennysheep_nondescript,
          minivault_10
D:7:      layout_basic, nicolae_uskayaw_dance_hall, kennysheep_mini_moat,
          serial_shops, nicolae_shop_stone, minmay_statues_item,
          hangedman_glass_teeth
D:8:      nicolae_cairo_tiling_large_dashed, layout_rooms,
          okawaru_altar_gauntlet_db, serial_shops, shop_fountains,
          nicolae_ossuary_entry_giza
D:9:      layout_basic, dpeg_lair_monsters, ebering_ghost_gozag,
          hangedman_abyss_or_decor_stagger
D:10:     layout_rooms, mainiacjoe_overflow_cross_hatched, cheibriados_altar_1,
          nicolae_ru_path_of_blood, gammafunk_ghost_ooze, due_unseen_surprise,
          uniq_psyche
D:11:     layout_rooms, gauntlet_entry_generic, kennysheep_cross_room,
          grunt_decor_resistance
D:12:     layout_loops_ring, david_orc_1_choice, serial_shops,
          nicolae_shop_statue_plus, shop_statue, shop_statue
D:13:     layout_basic, david_vaults_1, serial_undead, serial_undead_f,
          serial_undead_b, serial_undead_d, serial_undead_d, serial_undead_f,
          serial_undead_a, serial_undead_e, corexii_leaking_fountain,
          kennysheep_just_a_vault
D:14:     layout_basic, grunt_decor_arrowhead, lemuel_flamethrower_1
D:15:     grunt_enter_depths_giant_problem, layout_basic, serial_shops, shop,
          drop_trap, tgw_lugonu_bribe
Lair:1:   layout_gridlike
Lair:2:   layout_cave_pods, nicolae_spider_entry_orb_guardian, enter_volcano_1,
          infiniplex_staircase_pool_2
Lair:3:   layout_chaotic_city, minmay_shoals_entry_beasts
Lair:4:   layout_roguey, nicolae_quartered_pool_impasse, serial_bayou_shore_a
Lair:5:   layout_gridlike, hangedman_lair_unloving_vines, grunt_megastairs_3
Lair:6:   hellmonk_lair_end_abyssal_woods, layout_regular_city, slime_altar_2,
          nzn_masters_of_martial_movement
Spider:1: layout_spider_delve, spiders_nest_hornet_nest, uniq_kirke
Orc:1:    layout_caves
Orc:2:    grunt_orc_tribal_feast, layout_caves, serial_shops, shop, basic_altar

Skill      XL: |  1  2  3  4  5  6  7  8  9 10 11 12 13 14 15 |
---------------+----------------------------------------------+-----
Fighting       | 4 5 6 8 9 10 11 12 13 14 15 16 | 16.8
Axes           | 4 5 6 7 8 9 |  9.8
Dodging        | 3 5 6 7 |  7.0
Evocations     | 3 5 6 7 8 9 11 | 11.0
Maces & Flails | 6 9 12 14 15 17 18 | 18.6
Armour         | 6 9 12 14 15 | 15.7

Action                   |  1- 3 |  4- 6 |  7- 9 | 10-12 | 13-15 || total
-------------------------+-------+-------+-------+-------+-------++-------
Melee: Hand axe          |    54 |    71 |   153 |       |       ||   278
       Headbutt          |     8 |    17 |    28 |    94 |   261 ||   408
       Punch             |     2 |       |       |     7 |    22 ||    31
       Mace              |       |       |    82 |   323 |  1018 ||  1423
Invok: Berserk           |     1 |     1 |     4 |     6 |    13 ||    25
Evoke: Wand              |       |       |     2 |       |     6 ||     8
       Lightning rod     |       |       |       |       |    11 ||    11
       Tin of tremorston |       |       |       |       |     4 ||     4
  Use: Scroll            |     2 |     3 |    19 |    11 |    13 ||    48
       Potion            |       |     1 |     1 |     1 |     6 ||     9
 Stab: Sleeping          |       |     5 |     7 |     2 |       ||    14
Armor: Animal skin       |    10 |    11 |       |       |       ||    21
       Leather armour    |       |       |    19 |       |       ||    19
       Ring mail         |       |       |    15 |    21 |       ||    36
       Plate armour      |       |       |       |   100 |   652 ||   752
Dodge: Dodged            |    28 |    42 |   177 |   198 |   751 ||  1196

Table legend: (Time is in decaauts)
 A = Elapsed time spent in this place.
 B = Non-inter-level travel time spent in this place.
 C = Inter-level travel time spent in this place.
 D = Time resting spent in this place.
 E = Time spent auto-exploring this place.
 F = Levels seen in this place.
 G = Mean time per level.
                   A        B        C        D        E       F      G
               +--------+--------+--------+--------+--------+-----+--------+
         Total |  36036 |  34464 |   1572 |  15168 |  15078 |  27 | 1334.7 |
       Dungeon |  19176 |  18147 |   1029 |   6017 |  10062 |  15 | 1278.4 |
          Lair |  10334 |   9927 |    407 |   5044 |   3881 |   6 | 1722.3 |
   Spider Nest |   1114 |   1114 |      0 |    798 |     87 |   1 | 1114.0 |
  Orcish Mines |   2117 |   1982 |    135 |    702 |    776 |   2 | 1058.5 |
       Ossuary |    716 |    716 |      0 |    473 |    146 |   1 |  716.0 |
       Volcano |   1785 |   1785 |      0 |   1703 |      7 |   1 | 1785.0 |
      Gauntlet |    791 |    791 |      0 |    429 |    118 |   1 |  791.0 |
               +--------+--------+--------+--------+--------+-----+--------+

Top non-repeatable levels by time:
  Lair:6: 3454 daAuts
  Lair:2: 2533 daAuts
    D:14: 2416 daAuts
    D:13: 2153 daAuts
     D:9: 1996 daAuts
 Volcano: 1785 daAuts
     D:4: 1667 daAuts
     D:5: 1606 daAuts
   Orc:2: 1562 daAuts
  Lair:5: 1364 daAuts
     D:1: 1301 daAuts
  Lair:3: 1248 daAuts
     D:6: 1221 daAuts
Spider:1: 1114 daAuts
    D:10: 1106 daAuts
